 Dungeon Crawl Stone Soup version 0.27-a0-1137-g3ef0f4ec91 (webtiles) character file.

Game seed: 13493309002810881010

870 siradein the Spear-Bearer (level 7, -8/50 HPs)
             Began as a Demonspawn Gladiator on May 6, 2021.
             Killed by divine providence
             ... invoked by an orc priest
              (14 damage)
             ... on level 6 of the Dungeon.
             The game lasted 00:11:04 (5089 turns).

siradein the Spear-Bearer (Demonspawn Gladiator)    Turns: 5089, Time: 00:11:04

Health: -8/50      AC:  7    Str: 17    XL:     7   Next: 73%
Magic:  7/7        EV: 16    Int:  9    God:
Gold:   188        SH:  4    Dex: 14    Spells: 6/6 levels left

rFire    . . .     SeeInvis .   a - +0 trident
rCold    . . .     Faith    .   (no shield)
rNeg     . . .     Spirit   .   b - +0 leather armour
rPois    .         Reflect  .   c - +0 helmet
rElec    .         Harm     .   (no cloak)
rCorr    .         Rampage  .   (no gloves)
Will     .....                  t - +0 pair of boots
Stlth    +.........             (no amulet)
HPRegen  0.16/turn              i - +4 ring of evasion
MPRegen  0.10/turn              (no ring)

@: no status effects
A: talons 2, yellow scales 1, spiny 1, condensation shield
a: no special abilities


You were on level 6 of the Dungeon.
You visited 1 branch of the dungeon, and saw 6 of its levels.
You also visited: Sewer.

You collected 188 gold pieces.

Inventory:

Hand Weapons
 a - a +0 trident (weapon)
Missiles
 d - 3 throwing nets (quivered)
 m - a curare-tipped dart
Armour
 b - a +0 leather armour (worn)
 c - a +0 helmet (worn)
 t - a +0 pair of boots (worn)
Jewellery
 i - a +4 ring of evasion (left hand)
Wands
 k - a wand of paralysis (8)
Scrolls
 g - a scroll of amnesia {unknown}
 h - a scroll of magic mapping
 p - a scroll of enchant weapon {unknown}
 q - a scroll of blinking {unknown}
 r - a scroll of immolation {unknown}
 s - a scroll of acquirement {unknown}
Potions
 f - 4 potions of curing
 j - 2 potions of heal wounds
 l - a potion of degeneration {unknown}
 n - 2 potions of flight
 o - a potion of attraction {unknown}


   Skills:
 - Level 2.0 Fighting
 + Level 8.6 Polearms
 - Level 1.7 Throwing
 - Level 2.6 Dodging


You had 6 spell levels left.
You didn't know any spells.
Your spell library contained the following spells:

 Spells                   Type           Power      Damage    Failure   Level
 Beastly Appendage        Tmut           0%         N/A       45%         1
 Wereblood                Tmut           0%         N/A       58%         2
 Spider Form              Tmut/Pois      0%         N/A       83%         3
 Ice Form                 Ice/Tmut       0%         N/A       99%         4
 Hydra Form               Tmut           0%         N/A       100%        5


Dungeon Overview and Level Annotations

Branches:
Dungeon (6/15)              Sewer (visited)
 Temple: D:4-7

Altars:
Elyvilon
Gozag
Zin
The Shining One


Innate Abilities, Weirdness & Mutations

You have razor-sharp toenails.
You are partially covered in yellow scales. (AC +2)
You are partially covered in sharp spines.
A meltable shield of frost defends you. (SH +4)


Message History

You enter a teleport trap!
The teleport trap disappears.
Your surroundings suddenly seem different.
The orc wizard barely misses you. The orc is struck by your spines.
You kill the orc!
The orc wizard points at you and mumbles some strange words.
The magic dart hits you!
The orc priest miscasts a cantrip.
The orc throws a throwing net.
The throwing net hits you.
You become entangled in the net!
You see here a throwing net.
You struggle against the net.
The orc priest calls down the wrath of Beogh upon you.
Beogh smites you!
* * * LOW HITPOINT WARNING * * *
You tear a large gash into the net.
You shred the net and break free! The orc is struck by your spines.
The orc hits you but does no damage.
The orc wizard is struck by your spines.
The orc wizard hits you with a +0 dagger.
* * * LOW HITPOINT WARNING * * *
The orc barely misses you.
The orc priest calls upon Beogh to heal the orc wizard.
The orc wizard's wounds heal themselves!
Found a small amethyst amulet.
There is a stone staircase leading down here.
You block the orc priest's attack. The orc hits you but does no damage.
You climb downwards.
An orc and 5 wights come into view.
Found 11 gold pieces.
Found a stone staircase leading down.
There is a stone staircase leading up here.
The orc priest miscasts a cantrip.
The orc hits you but does no damage. You block the wight's attack.
Found a blackened fluorescent wand.
There is a stone staircase leading down here.
An orc comes into view. It is wielding a +0 morningstar.
An orc comes into view. It is wielding a +3 flail.
The orc closely misses you.
The orc priest invokes the aid of Beogh against you.
Beogh smites you!
You die...

#.. ## ... .$. ..
..# ... #.##.# #..
## #....# ..#
...#....# !.#
.....z..# o.#
......zo###./#
.....zz.o.@o.#
....#$.z####....o.
... #...# #.... .
#...# ... ##### #


You could see 5 wights, an orc priest and 4 orcs.

Vanquished Creatures
  Sigmund (D:2)
  A black bear (D:5)
  A necrophage (D:4)
  A phantom (D:3)
  A kobold brigand (Sewer)
  3 hounds
  An orc priest (D:4)
  An iguana (D:4)
  2 orc wizards (D:4)
  A hound skeleton (D:5)
  4 adders
  4 river rats
  A worm (D:2)
  2 dart slugs
  9 orcs
  9 ball pythons (D:1)
  5 bats
  3 endoplasms
  4 giant cockroaches (D:3)
  5 goblins
  5 hobgoblins
  13 jackals
  8 kobolds
  7 quokkas
  4 frilled lizards
  7 rats
103 creatures vanquished.

Notes
Turn   | Place    | Note
-------+----------+-------------------------------------------
     0 | D:1      | siradein the Demonspawn Gladiator began the quest for the
                  | Orb.
     0 | D:1      | Reached XP level 1. HP: 16/16 MP: 1/1
   226 | D:1      | Reached skill level 3 in Polearms
   376 | D:1      | Gained mutation: A meltable shield of frost defends you.
                  | (SH +4) [demonic ancestry]
   376 | D:1      | Reached XP level 2. HP: 16/22 MP: 2/2
  1151 | D:1      | Gained mutation: You have sharp toenails. [demonic
                  | ancestry]
  1151 | D:1      | Reached XP level 3. HP: 27/27 MP: 3/3
  1459 | D:2      | Reached skill level 4 in Polearms
  1482 | D:2      | Gained mutation: You are partially covered in sharp spines.
                  | [demonic ancestry]
  1482 | D:2      | Reached XP level 4. HP: 12/33 MP: 4/4
  1868 | D:2      | Noticed Sigmund
  1914 | D:3      | Reached skill level 5 in Polearms
  2084 | D:3      | Noticed a phantom
  2094 | D:3      | Killed a phantom
  2095 | D:3      | Reached XP level 5. HP: 28/38 MP: 5/5
  2287 | D:3      | Found a glowing drain.
  2291 | Sewer    | Entered a sewer
  2308 | Sewer    | Reached skill level 6 in Polearms
  2562 | Sewer    | Gained mutation: You have razor-sharp toenails. [demonic
                  | ancestry]
  2562 | Sewer    | Reached XP level 6. HP: 30/44 MP: 6/6
  2916 | D:3      | You fall into a shaft and drop 2 floors!
  2916 | D:5      | Entered Level 5 of the Dungeon
  2956 | D:4      | Found an opulent altar of Gozag.
  3376 | D:4      | Reached skill level 7 in Polearms
  3544 | D:4      | Gained mutation: You are partially covered in yellow
                  | scales. (AC +2) [demonic ancestry]
  3544 | D:4      | Reached XP level 7. HP: 36/50 MP: 7/7
  4471 | D:2      | Killed Sigmund
  4472 | D:2      | Reached skill level 8 in Polearms
  4573 | D:2      | Found a faded altar of an unknown god.
  5089 | D:6      | Killed from afar by an orc priest

Illustrated notes

Levels and vault maps discovered:
D:1:      lightli_arrival_maybe_door_vault, layout_loops_ring,
          hangedman_decor_peaks_small
D:2:      layout_basic, chequers_ecumenical_altar_grove, uniq_sigmund
D:3:      layout_loops_ring, gup_sewer_entry_bowl,
          chequers_serial_rivers_micro_b
D:4:      layout_rooms, good_gods_temple_1, grunt_gozag_breadcrumbs
D:5:      layout_gridville
D:6:      layout_rooms, temple_doors_e

Skill      XL: |  1  2  3  4  5  6  7 |
---------------+----------------------+-----
Polearms       | 3 4 5 6 7 8 |  8.6
Fighting       | |  2.0
Throwing       | |  1.7
Dodging        | |  2.6

Action                   |  1- 3 |  4- 6 |  7- 9 || total
-------------------------+-------+-------+-------++-------
Melee: Trident           |   109 |   132 |    46 ||   287
       Kick              |     6 |    35 |     3 ||    44
  Use: Scroll            |       |     1 |     3 ||     4
 Stab: Sleeping          |     2 |       |     2 ||     4
Armor: Leather armour    |    21 |    28 |    11 ||    60
Dodge: Dodged            |    53 |    49 |    20 ||   122
Block: Other             |    13 |    22 |     6 ||    41

Table legend: (Time is in decaauts)
 A = Elapsed time spent in this place.
 B = Non-inter-level travel time spent in this place.
 C = Inter-level travel time spent in this place.
 D = Time resting spent in this place.
 E = Time spent auto-exploring this place.
 F = Levels seen in this place.
 G = Mean time per level.
                   A        B        C        D        E       F      G
               +--------+--------+--------+--------+--------+-----+--------+
         Total |   5136 |   5006 |    130 |   1012 |   3224 |   7 |  733.7 |
       Dungeon |   4683 |   4553 |    130 |    820 |   3013 |   6 |  780.5 |
         Sewer |    453 |    453 |      0 |    192 |    211 |   1 |  453.0 |
               +--------+--------+--------+--------+--------+-----+--------+

Top non-repeatable levels by time:
     D:2: 1249 daAuts
     D:1: 1220 daAuts
     D:3: 849 daAuts
     D:4: 713 daAuts
     D:5: 648 daAuts
   Sewer: 453 daAuts
     D:6: 2 daAuts
